 Dungeon Crawl Stone Soup version 0.28.0 (webtiles) character file.

Game seed: 1739386722667026670

5201 a3don the Frost Mage (level 10, 0/76 HPs)
             Began as a Gnoll Ice Elementalist on Feb 17, 2022.
             Was an Initiate of Ashenzari.
             Slain by a catoblepas (17 damage)
             ... on level 9 of the Dungeon.
             The game lasted 00:28:53 (10384 turns).

a3don the Frost Mage (Gnoll Ice Elementalist)      Turns: 10384, Time: 00:28:54

Health: 0/76       AC: 16    Str:  5    XL:     10   Next: 60%
Magic:  4/21       EV: 14    Int: 20    God:    Ashenzari [......]
Gold:   507        SH:  5    Dex: 12    Spells: 7/24 levels left

rFire   . . .      SeeInvis .   a - +7 spear
rCold   . . .      Faith    .   (no shield)
rNeg    + + +      Spirit   .   t - +2 robe of the Blacksmith {rN+++ Regen+ Str-2 Slay-2}
rPois   .          Reflect  +   (no helmet)
rElec   .          Harm     .   j - scarf {shadows}
rCorr   .          Rampage  .   z - +0 pair of gloves
Will    .....                   y - +1 pair of boots "Celestial Paranoia" {Self, Comp} (curse)
Stlth   +++.......              s - amulet of reflection
HPRegen 1.02/turn               (no ring)
MPRegen 0.17/turn               (no ring)

@: ice-armoured, freezing walls
A: fangs 1, strong nose, distributed training
a: Renounce Religion, Curse Item, Shatter the Chains


You were on level 9 of the Dungeon.
You worshipped Ashenzari.
Ashenzari was noncommittal.
You visited 2 branches of the dungeon, and saw 10 of its levels.

You collected 660 gold pieces.
You spent 153 gold pieces at shops.

Inventory:

Hand Weapons
 a - a +7 spear (weapon)
 b - a +0 hunting sling of flaming
 C - a +0 hand axe
 M - a +0 whip of flaming
 Q - a +0 war axe
 R - a +2 battleaxe
 T - a +3 dagger
 U - a +3 morningstar
 W - a +1 trident of venom
Missiles
 c - 308 stones
 g - 4 javelins
 n - 4 throwing nets
 o - 15 poisoned darts
 B - 5 boomerangs (quivered)
 J - 30 sling bullets
Armour
 j - a scarf of shadows (worn)
 t - the +2 robe of the Blacksmith (worn) {rN+++ Regen+ Str-2 Slay-2}
   (You found it on level 2 of the Dungeon)

   Str:       It affects your strength (-2).
   Slay:      It affects your accuracy & damage with ranged weapons and melee
   (-2).
   rN:        It renders you almost immune to negative energy.
   Regen:     It increases your rate of health regeneration.
 y - the cursed +1 pair of boots "Celestial Paranoia" (worn) {Self, Comp}
   (You found it on level 3 of the Dungeon)

   It has a curse which improves the following skills: Introspection: Fighting
   and Spellcasting.
   Companions: Summonings and Necromancy.
 z - a +0 pair of gloves (worn)
 N - the +1 robe of the Playwright {rN+ Will- Slay+3}
   (You bought it in a shop on level 6 of the Dungeon)

   Slay:      It affects your accuracy & damage with ranged weapons and melee
   (+3).
   rN:        It protects you from negative energy.
   Will:      It decreases your willpower.
 S - the +2 robe "Vurchekk" {rF- rN+++ rCorr Int+3}
   (You found it on level 9 of the Dungeon)

   Int:       It affects your intelligence (+3).
   rF:        It makes you vulnerable to fire.
   rN:        It renders you almost immune to negative energy.
   rCorr:     It protects you from acid and corrosion.
Magical Staves
 X - a staff of poison
Jewellery
 f - a ring of fire
 s - an amulet of reflection (around neck)
 K - a ring of wizardry
 P - an amulet of regeneration
 V - a ring of fire
Wands
 A - a wand of mindburst (12)
 D - a wand of iceblast (12)
 E - a wand of acid (6)
 L - a wand of flame (8)
Scrolls
 d - 9 scrolls of identify
 e - 3 scrolls of magic mapping
 h - 2 scrolls of fog {unknown}
 i - a scroll of noise {unknown}
 l - a scroll of immolation {unknown}
 m - a scroll of enchant weapon {unknown}
 p - a scroll of enchant armour {unknown}
 q - a scroll of blinking {unknown}
 r - 2 scrolls of teleportation {unknown}
 H - a scroll of vulnerability {unknown}
Potions
 k - 2 potions of magic {unknown}
 u - 5 potions of curing
 v - a potion of attraction {unknown}
 w - 4 potions of degeneration {unknown}
 x - 3 potions of heal wounds {unknown}
 F - 2 potions of lignification {unknown}
 G - a potion of berserk rage {unknown}
 I - a potion of brilliance {unknown}
 O - a potion of invisibility {unknown}
 Y - a potion of mutation {unknown}


   Skills:
 + Level 5.4(5.8) Fighting
 + Level 5.4 Short Blades
 + Level 5.4 Long Blades
 + Level 5.4 Axes
 + Level 5.4 Maces & Flails
 + Level 5.4 Polearms
 + Level 5.4 Staves
 + Level 5.4 Slings
 + Level 5.4 Bows
 + Level 5.4 Crossbows
 + Level 5.4 Throwing
 + Level 5.4 Armour
 + Level 7.2 Dodging
 + Level 6.9 Stealth
 + Level 5.4 Shields
 + Level 5.4 Unarmed Combat
 + Level 7.5(7.9) Spellcasting
 + Level 4.5 Conjurations
 + Level 4.5 Hexes
 + Level 4.5(4.9) Summonings
 + Level 4.5(4.9) Necromancy
 + Level 4.5 Translocations
 + Level 4.5 Transmutations
 + Level 4.5 Fire Magic
 + Level 8.5 Ice Magic
 + Level 4.5 Air Magic
 + Level 4.5 Earth Magic
 + Level 4.5 Poison Magic
 + Level 6.0 Invocations
 + Level 5.4 Evocations


You had 7 spell levels left.
You knew the following spells:

 Your Spells              Type           Power      Damage    Failure   Level
a - Freeze                Ice            100%       1d11      1%          1
b - Frozen Ramparts       Ice            84%        1d10      1%          3
c - Ozocubu's Armour      Ice            42%        N/A       1%          3
d - Hailstorm             Conj/Ice       34%        3d9       6%          4
e - Call Canine Familiar  Summ           27%        N/A       3%          3
f - Portal Projectile     Hex/Tloc       50%        N/A       4%          3

Your spell library contained the following spells:

 Spells                   Type           Power      Damage    Failure   Level
 Leda's Liquefaction      Hex/Erth       12%        N/A       14%         4
 Borgnjor's Vile Clutch   Necr/Erth      13%        N/A       34%         5
 Alistair's Intoxication  Tmut/Pois      16%        N/A       36%         5
 Eringya's Noxious Bog    Tmut/Pois      12%        N/A       91%         6


Dungeon Overview and Level Annotations

Branches:
Dungeon (9/15)             Temple (1/1) D:4
   Lair: D:8-11         Orc: D:9-12

Altars:
Ashenzari
Cheibriados
Dithmenos
Elyvilon
Fedhas
Gozag
Hepliaklqana
Kikubaaqudgha
Makhleb
Nemelex Xobeh
Okawaru
Qazlal
Ru
Sif Muna
Trog
Uskayaw
Vehumet
Wu Jian
Xom
Yredelemnul
Zin
The Shining One

Shops:
D:6 [

Annotations:
D:8 !death yaks


Innate Abilities, Weirdness & Mutations

You have very sharp teeth.
Your uncanny sense of smell can sniff out nearby items.
Your experience applies equally to all skills.


Message History

Press: ? - help, Shift-Dir - straight line, f - kobold brigand
Aim: a kobold brigand, wielding a +0 whip, wearing a ring of magical power and quivering poisoned darts You freeze the kobold brigand!
The kobold brigand is moderately wounded.
You feel sick.
The kobold brigand hits you with a +0 whip.
Casting: Freeze (safe; 1% risk of failure)
Confirm with . or Enter, or press ? or * to list all spells.
Casting: Frozen Ramparts (safe; 1% risk of failure)
Press: ? - help, Dir - look around, f - activate The walls around you are covered in ice.
You feel sick.
The wall freezes the catoblepas!
The wall freezes the kobold brigand.
You block the kobold brigand's attack.
Casting: Frozen Ramparts (safe; 1% risk of failure)
Confirm with . or Enter, or press ? or * to list all spells.
A film of ice covers your body!
You feel sick.
The wall freezes the catoblepas.
The catoblepas gores you!
* * * LOW HITPOINT WARNING * * *
The wall freezes the kobold brigand!
You block the kobold brigand's attack.
Okay, then.
As you read the scroll labelled SEGEODE LASA, it crumbles to dust.
It is a scroll of identify.
u - 7 potions of curing You feel sick.
The wall freezes the catoblepas!
The catoblepas gores you but does no damage.
The wall freezes the kobold brigand!
You block the kobold brigand's attack.
You feel better.
The wall freezes the catoblepas.
The catoblepas gores you!!
* * * LOW HITPOINT WARNING * * *
The wall freezes the kobold brigand.
You kill the kobold brigand!
Your Invocations skill increases to level 6!
You feel better.
The wall freezes the catoblepas!
The catoblepas gores you but does no damage.
Press: ? - help, v - describe, . - travel
Here: a catoblepas (heavily wounded) Some shallow water.
As you read the scroll of identify, it crumbles to dust.
e - 3 scrolls of magic mapping The wall freezes the catoblepas.
The catoblepas gores you!
You die...

#### .....# #...
.....# #... (...#
#... #######...#
#... #...
..#.#.†..# ##...
#..#
#)#.##...####.'...
#...
#@#.Y(...##...#...
..##
#Y#§##...#..###...
#.. #$..#....'.##
####
#.#########...###
#..#.#.#.#..###
#.........Y.#
####..##.#######
###
#..............#
#..
#..............#
#..


You could see a catoblepas.

Vanquished Creatures
  Pikel (D:6)
  4 centaur zombies
  A gargoyle (D:9)
  A hornet (D:9)
  A wraith (D:9)
  A wyvern (D:9)
  3 water moccasins
  2 sky beasts (D:5)
  5 orc warriors
  An ice beast (D:7)
  A black bear (D:3)
  3 ogres (D:7)
  2 centaurs
  2 kobold brigands (D:9)
  A bullfrog (D:6)
  A wyvern zombie (D:9)
  2 gnoll sergeants
  A water moccasin zombie (D:7)
  A killer bee (D:9)
  A water moccasin skeleton (D:3)
  4 wights
  A howler monkey (D:9)
  3 hounds
  A bullfrog skeleton (D:5)
  A centaur skeleton (D:6)
  3 jellies
  A gnoll shaman (D:6)
  3 orc priests
  4 iguanas
  5 orc wizards (D:4)
  A howler monkey skeleton (D:7)
  3 adders
  15 gnolls
  A white imp (D:5)
  2 adder skeletons (D:4)
  A worm (D:2)
  3 dart slugs
  37 orcs
  9 ball pythons
  7 endoplasms
  3 giant cockroaches (D:3)
  9 goblins
  8 hobgoblins
  3 quokkas
  9 bats
  6 frilled lizards
  8 kobolds
  5 rats
191 creatures vanquished.

Vanquished Creatures (collateral kills)
  A cyclops (D:9)
  A howler monkey zombie (D:9)
2 creatures vanquished.

Grand Total: 193 creatures vanquished

Notes
Turn   | Place    | Note
-------+----------+-------------------------------------------
     0 | D:1      | a3don the Gnoll Ice Elementalist began the quest for the
                  | Orb.
     0 | D:1      | Reached XP level 1. HP: 13/13 MP: 6/6
     5 | D:1      | Found a faded altar of an unknown god.
   106 | D:1      | Reached XP level 2. HP: 17/19 MP: 5/7
   528 | D:1      | Reached XP level 3. HP: 25/25 MP: 7/9
   533 | D:1      | Reached skill level 5 in Spellcasting
   537 | D:1      | Learned a level 3 spell: Frozen Ramparts
   541 | D:1      | Learned a level 3 spell: Ozocubu's Armour
  1002 | D:2      | Reached skill level 1 in Invocations
  1220 | D:3      | Reached skill level 1 in Fighting
  1220 | D:3      | Reached skill level 1 in Short Blades
  1220 | D:3      | Reached skill level 1 in Long Blades
  1220 | D:3      | Reached skill level 1 in Axes
  1220 | D:3      | Reached skill level 1 in Maces & Flails
  1220 | D:3      | Reached skill level 1 in Polearms
  1220 | D:3      | Reached skill level 1 in Staves
  1220 | D:3      | Reached skill level 1 in Slings
  1220 | D:3      | Reached skill level 1 in Bows
  1220 | D:3      | Reached skill level 1 in Crossbows
  1220 | D:3      | Reached skill level 1 in Throwing
  1220 | D:3      | Reached skill level 1 in Armour
  1220 | D:3      | Reached skill level 1 in Shields
  1220 | D:3      | Reached skill level 1 in Unarmed Combat
  1220 | D:3      | Reached skill level 1 in Evocations
  1474 | D:2      | Reached XP level 4. HP: 32/32 MP: 4/11
  1748 | D:2      | Identified the +2 robe of the Blacksmith {rN+++ Regen+
                  | Str-2 Slay-2}
  1937 | D:2      | Found an opulent altar of Gozag.
  2211 | D:3      | Noticed a black bear
  2229 | D:3      | Killed a black bear
  2230 | D:3      | Reached skill level 1 in Conjurations
  2230 | D:3      | Reached skill level 1 in Hexes
  2230 | D:3      | Reached skill level 1 in Summonings
  2230 | D:3      | Reached skill level 1 in Necromancy
  2230 | D:3      | Reached skill level 1 in Translocations
  2230 | D:3      | Reached skill level 1 in Transmutations
  2230 | D:3      | Reached skill level 1 in Fire Magic
  2230 | D:3      | Reached skill level 1 in Air Magic
  2230 | D:3      | Reached skill level 1 in Earth Magic
  2230 | D:3      | Reached skill level 1 in Poison Magic
  2230 | D:3      | Reached XP level 5. HP: 31/37 MP: 6/12
  2821 | D:4      | Reached XP level 6. HP: 34/44 MP: 7/13
  2987 | D:4      | Reached skill level 5 in Dodging
  3112 | D:4      | Found a bloodstained altar of Trog.
  3112 | D:4      | Found a sparkling altar of Nemelex Xobeh.
  3114 | D:4      | Found a white marble altar of Elyvilon.
  3121 | D:4      | Found a snail-covered altar of Cheibriados.
  3122 | D:4      | Found a radiant altar of Vehumet.
  3125 | D:4      | Found a glowing silver altar of Zin.
  3126 | D:4      | Found a blossoming altar of Fedhas.
  3127 | D:4      | Found a hide-covered altar of Uskayaw.
  3133 | D:4      | Found a shimmering blue altar of Sif Muna.
  3133 | D:4      | Noticed an orc warrior
  3134 | D:4      | Found an iron altar of Okawaru.
  3155 | D:4      | Killed an orc warrior
  3156 | D:4      | Reached XP level 7. HP: 41/50 MP: 5/15
  3668 | D:4      | Found a staircase to the Ecumenical Temple.
  3735 | D:4      | Reached skill level 5 in Stealth
  4286 | D:4      | Reached XP level 8. HP: 54/57 MP: 10/16
  4748 | D:5      | Entered Level 5 of the Dungeon
  5251 | D:5      | You fall into a shaft and drop 2 floors!
  5886 | D:5      | Reached XP level 9. HP: 65/65 MP: 14/18
  6327 | Temple   | Entered the Ecumenical Temple
  6512 | Temple   | Became a worshipper of Ashenzari the Shackled
  6937 | D:6      | Found Tedosk's Antique Armour Shop.
  6983 | D:6      | Noticed Pikel
  7007 | D:6      | Killed Pikel
  7008 | D:6      | Reached skill level 8 in Ice Magic
  7062 | D:6      | Bought a slimy robe for 153 gold pieces
  7062 | D:6      | Identified the +1 robe of the Playwright {rN+ Will- Slay+3}
                  | (You bought it in a shop on level 6 of the Dungeon)
  8219 | D:7      | Learned a level 4 spell: Hailstorm
  8446 | D:7      | Reached skill level 5 in Invocations
  8924 | D:8      | Learned a level 3 spell: Call Canine Familiar
  8928 | D:8      | Learned a level 3 spell: Portal Projectile
  9008 | D:8      | Noticed a death yak
  9008 | D:8      | Noticed a death yak
  9008 | D:8      | Noticed a death yak
  9008 | D:8      | Noticed a death yak
  9061 | D:9      | Identified the +2 robe "Vurchekk" {rF- rN+++ rCorr Int+3}
  9498 | D:9      | Reached XP level 10. HP: 68/74 MP: 18/21
  9629 | D:9      | Noticed a gargoyle
  9644 | D:9      | Killed a gargoyle
  9645 | D:9      | Reached skill level 5 in Fighting
  9645 | D:9      | Reached skill level 5 in Short Blades
  9645 | D:9      | Reached skill level 5 in Long Blades
  9645 | D:9      | Reached skill level 5 in Axes
  9645 | D:9      | Reached skill level 5 in Maces & Flails
  9645 | D:9      | Reached skill level 5 in Polearms
  9645 | D:9      | Reached skill level 5 in Staves
  9645 | D:9      | Reached skill level 5 in Slings
  9645 | D:9      | Reached skill level 5 in Bows
  9645 | D:9      | Reached skill level 5 in Crossbows
  9645 | D:9      | Reached skill level 5 in Throwing
  9645 | D:9      | Reached skill level 5 in Armour
  9645 | D:9      | Reached skill level 5 in Shields
  9645 | D:9      | Reached skill level 5 in Unarmed Combat
  9645 | D:9      | Reached skill level 5 in Evocations
 10263 | D:9      | Noticed a catoblepas
 10353 | D:9      | Noticed a cyclops
 10359 | D:9      | Killed a cyclops
 10384 | D:9      | Slain by a catoblepas

Illustrated notes

Levels and vault maps discovered:
D:1:      dpeg_arrival_arbitrary_b, layout_basic, ebering_ecumenical_altar_webs
D:2:      layout_loops_corners, basic_altar, minmay_heptomino_o4
D:3:      layout_rooms
D:4:      layout_basic, nicolae_overflow_hallway_of_the_gods,
          lemuel_temple_firewalk_a, lightli_minifort
D:5:      corexii_shack_village, layout_gridville
D:6:      layout_basic, serial_shops, nicolae_stop_n_shop_1, uniq_pikel
D:7:      layout_basic
D:8:      layout_loops_corners, dpeg_lair_monsters, grunt_ministairs_15,
          uniq_erica
D:9:      layout_roguey [special_room_orc], hangedman_abyss_or_decor_clamps,
          onia_ninara_cookie
Temple:   minmay_temple_bridge_abc

Skill      XL: |  1  2  3  4  5  6  7  8  9 10 |
---------------+-------------------------------+-----
Spellcasting   | 5 6 7 |  7.5
Invocations    | 1 2 3 4 5 6 |  6.0
Fighting       | 1 2 3 4 5 |  5.4
Short Blades   | 1 2 3 4 5 |  5.4
Long Blades    | 1 2 3 4 5 |  5.4
Axes           | 1 2 3 4 5 |  5.4
Maces & Flails | 1 2 3 4 5 |  5.4
Polearms       | 1 2 3 4 5 |  5.4
Staves         | 1 2 3 4 5 |  5.4
Slings         | 1 2 3 4 5 |  5.4
Bows           | 1 2 3 4 5 |  5.4
Crossbows      | 1 2 3 4 5 |  5.4
Throwing       | 1 2 3 4 5 |  5.4
Armour         | 1 2 3 4 5 |  5.4
Shields        | 1 2 3 4 5 |  5.4
Unarmed Combat | 1 2 3 4 5 |  5.4
Evocations     | 1 2 3 4 5 |  5.4
Conjurations   | 1 2 3 4 |  4.5
Hexes          | 1 2 3 4 |  4.5
Summonings     | 1 2 3 4 |  4.5
Necromancy     | 1 2 3 4 |  4.5
Translocations | 1 2 3 4 |  4.5
Transmutations | 1 2 3 4 |  4.5
Fire Magic     | 1 2 3 4 |  4.5
Air Magic      | 1 2 3 4 |  4.5
Earth Magic    | 1 2 3 4 |  4.5
Poison Magic   | 1 2 3 4 |  4.5
Dodging        | 5 6 7 |  7.2
Stealth        | 5 6 |  6.9
Ice Magic      | 8 |  8.5

Action                   |  1- 3 |  4- 6 |  7- 9 | 10-12 || total
-------------------------+-------+-------+-------+-------++-------
Melee: Short sword       |    14 |    36 |    18 |       ||    68
       Unarmed           |     1 |       |       |       ||     1
       Bite              |     2 |     3 |    41 |    11 ||    57
       War axe           |       |       |   191 |       ||   191
       Punch             |       |       |     6 |     6 ||    12
       Spear             |       |       |    68 |    79 ||   147
 Fire: Hunting sling     |       |       |    37 |       ||    37
Throw: Boomerang         |       |       |     2 |       ||     2
 Cast: Freeze            |    37 |    21 |    76 |    11 ||   145
       Frozen Ramparts   |     4 |     7 |    32 |     9 ||    52
       Ozocubu's Armour  |       |     2 |     5 |     4 ||    11
       Hailstorm         |       |       |     7 |     5 ||    12
       Portal Projectile |       |       |     1 |       ||     1
       Call Canine Famil |       |       |       |     6 ||     6
Invok: Curse Item        |       |       |     1 |       ||     1
Evoke: Wand              |       |       |     5 |       ||     5
  Use: Scroll            |       |       |       |     2 ||     2
       Potion            |       |       |       |     2 ||     2
 Stab: Sleeping          |     2 |     3 |    10 |       ||    15
Armor: Robe              |     4 |    25 |   129 |    30 ||   188
Dodge: Dodged            |    29 |    38 |   214 |    49 ||   330
Block: Other             |       |     3 |    86 |    21 ||   110
       Reflection        |       |     1 |     1 |       ||     2
